 Dungeon Crawl Stone Soup version 0.22.1-2-g9c5b331383 (webtiles) character file.

133 Ihlosi the Ducker (level 5, 0/39 HPs)
             Began as a Human Gladiator on Nov 23, 2018.
             Killed by nerve-wracking pain
             ... invoked by an orc priest
              (4 damage)
             ... on level 4 of the Dungeon.
             The game lasted 00:08:19 (2796 turns).

Ihlosi the Ducker (Human Gladiator)                 Turns: 2796, Time: 00:08:20

Health: 0/39       AC:  4    Str: 14    XL:     5   Next: 40%
Magic:  5/5        EV: 13    Int:  9    God:
Gold:   186        SH:  0    Dex: 15    Spells: 4/4 levels left

rFire    . . .     SeeInvis .   a - +0 long sword
rCold    . . .     Gourm    .   (no shield)
rNeg     . . .     Faith    .   b - +0 leather armour
rPois    .         Spirit   .   c - +0 helmet
rElec    .         Reflect  .   (no cloak)
rCorr    .         Harm     .   (no gloves)
MR       .....                  (no boots)
Stlth    ++........             (no amulet)
HPRegen  0.13/turn              (no ring)
MPRegen  0.09/turn              (no ring)

@: very slightly contaminated, invisible
A: no striking features
a: no special abilities


You were on level 4 of the Dungeon.
You were very hungry.

You visited 1 branch of the dungeon, and saw 4 of its levels.

You collected 186 gold pieces.

Inventory:

Hand Weapons
 a - a +0 long sword (weapon)
 q - a +0 quarterstaff of protection
 z - a +0 blowgun
Missiles
 d - 2 throwing nets (quivered)
 A - 11 poisoned needles
 B - 24 bolts
Armour
 b - a +0 leather armour (worn)
 c - a +0 helmet (worn)
Jewellery
 i - a cursed amulet of magic regeneration
 m - an uncursed ring of wizardry
 u - an uncursed ring of teleportation
 x - an uncursed ring of teleportation
 y - an uncursed ring of fire
Wands
 g - a wand of random effects (22)
 r - a wand of acid (6)
Scrolls
 j - a scroll of teleportation {unknown}
 k - a scroll of fog {unknown}
 n - a scroll of fear {unknown}
 o - 5 scrolls of identify
 t - a scroll of magic mapping {unknown}
 v - 2 scrolls of remove curse
 w - a scroll of blinking {unknown}
Potions
 e - 2 potions of brilliance
 h - a potion of haste
 l - a potion of flight
 p - a potion of invisibility
 s - a potion of curing
Comestibles
 f - 4 rations


   Skills:
 * Level 2.6 Fighting
 + Level 3.7 Long Blades
 - Level 2.0 Throwing
 * Level 2.2 Armour
 * Level 3.9 Dodging
 - Level 1.0 Stealth


You had 4 spell levels left.
You didn't know any spells.
Your spell library was empty.

Dungeon Overview and Level Annotations

Branches:
Dungeon (4/15)
 Temple: D:4-7

Altars:
Dithmenos
Fedhas
Ru


Message History

You hit the orc priest but do no damage.
The orc priest is severely wounded.
The orc priest hits you with a short sword.
You closely miss the orc priest.
The orc priest is severely wounded.
The orc priest hits you with a short sword!
* * * LOW HITPOINT WARNING * * *
It was a potion of curing.
You feel better.
The orc priest mumbles some strange prayers to Beogh against you.
Beogh smites you!
* * * LOW HITPOINT WARNING * * *
You fade into invisibility!
The orc priest barely misses you.
You are very lightly contaminated with residual magic.
You catch the helpless orc priest completely off-guard!
You hit the orc priest.
The orc priest is almost dead.
The orc priest calls down the wrath of Beogh upon you.
Pain shoots through your body!
You die...

##...ooo <.......
...###o. #. ##.# ###.
... o.. ... .. #.#
###.. ##.## #.#
#..##...# ##### #.#
#...o.#.###@..#####.#
#....oo###....#.#
#.###o## ##.#.#.# #
..S# #.#.#.# ###.#
#.....######## .#.
#.##..........# . #
..# ##########.. .(
#. #.. .. # ##.


You could see an orc priest, an adder and 2 orcs.

Vanquished Creatures
  A worker ant (D:2)
  3 adders
  An ooze (D:1)
  2 worms
  A dart slug (D:1)
  2 orcs
  3 giant cockroaches
  11 hobgoblins
  6 jackals
  8 bats
  5 frilled lizards
  7 goblins
  7 kobolds
  13 rats
70 creatures vanquished.

Notes
Turn   | Place    | Note
-------+----------+-------------------------------------------
     0 | D:1      | Ihlosi the Human Gladiator began the quest for the Orb.
     0 | D:1      | Reached XP level 1. HP: 16/16 MP: 1/1
    67 | D:1      | Reached XP level 2. HP: 19/22 MP: 2/2
   194 | D:1      | Reached XP level 3. HP: 27/27 MP: 3/3
   607 | D:2      | Reached skill level 1 in Stealth
   642 | D:2      | Reached skill level 1 in Armour
   811 | D:2      | Reached XP level 4. HP: 9/34 MP: 4/4
  1407 | D:2      | Found a shadowy altar of Dithmenos.
  1549 | D:2      | Found a sacrificial altar of Ru.
  1609 | D:2      | Found a blossoming altar of Fedhas.
  1723 | D:2      | Reached XP level 5. HP: 37/39 MP: 5/5
  2519 | D:3      | Found a faded altar of an unknown god.
  2796 | D:4      | Killed from afar by an orc priest

Skill      XL: |  1  2  3  4  5 |
---------------+----------------+-----
Stealth        | 1 |  1.0
Armour         | 1 2 |  2.2
Fighting       | |  2.6
Long Blades    | |  3.7
Throwing       | |  2.0
Dodging        | |  3.9

Action                   |  1- 3 |  4- 6 || total
-------------------------+-------+-------++-------
Melee: Long sword        |    94 |    22 ||   116
       Quarterstaff      |       |    84 ||    84
Throw: Throwing net      |     1 |       ||     1
  Use: Potion            |       |     6 ||     6
       Scroll            |       |     4 ||     4
 Stab: Sleeping          |     4 |       ||     4
       Distracted        |       |     1 ||     1
       Invisible         |       |     1 ||     1
  Eat: Chunk             |       |     5 ||     5
Armor: Leather armour    |    29 |    41 ||    70
Dodge: Dodged            |    72 |    87 ||   159
       Rpst.: Long sword |    23 |     7 ||    30
